 Dungeon Crawl Stone Soup version 0.27-a0-1149-g4505690ab0 (webtiles) character file.

Game seed: 753699907794172249

45 freelancePsychic the Shooter (level 3, -1/25 (31) HPs)
             Began as a Minotaur Hunter on May 12, 2021.
             Killed from afar by Dowan (9 damage)
             ... with a puff of frost
             ... on level 4 of the Dungeon.
             The game lasted 00:01:59 (1201 turns).

freelancePsychic the Shooter (Minotaur Hunter)      Turns: 1201, Time: 00:02:00

HP:   -1/25 (31)    AC:  3    Str: 17    XL:     3   Next: 42%
MP:   2/2           EV: 12    Int:  8    God:
Gold: 117           SH:  0    Dex: 10    Spells: 2/2 levels left

rFire    . . .     SeeInvis .   a - +1 shortbow
rCold    . . .     Faith    .   (shield currently unavailable)
rNeg     . . .     Spirit   .   c - +0 leather armour
rPois    .         Reflect  .   (helmet restricted)
rElec    .         Harm     .   (no cloak)
rCorr    .         Rampage  .   (no gloves)
Will     .....                  (no boots)
Stlth    +.........             (no amulet)
HPRegen  0.08/turn              (no ring)
MPRegen  0.08/turn              (no ring)

@: attractive, heavily drained
A: horns 2, retaliatory headbutt
a: no special abilities


You were on level 4 of the Dungeon.
You visited 1 branch of the dungeon, and saw 3 of its levels.

You collected 117 gold pieces.

Inventory:

Hand Weapons
 a - a +1 shortbow (weapon)
 b - a +0 short sword
Missiles
 d - 7 arrows (quivered ammo)
 e - 6 atropa-tipped darts
Armour
 c - a +0 leather armour (worn)
Scrolls
 f - a scroll of enchant weapon
 g - a scroll of teleportation {unknown}
Potions
 h - 2 potions of curing {@q1}
 i - a potion of attraction


   Skills:
 + Level 3.1 Fighting
 * Level 5.1 Bows
 + Level 2.8 Dodging
 - Level 0.7 Stealth


You had 2 spell levels left.
You didn't know any spells.
Your spell library was empty.

Dungeon Overview and Level Annotations

Branches:
Dungeon (2/15)

Altars:

Annotations:
D:2 Terence
D:4 Dowan


Innate Abilities, Weirdness & Mutations

You have a pair of horns on your head.
You reflexively headbutt those who attack you in melee.


Message History

Dowan gestures at you while chanting. You resist with significant effort.
You shoot an arrow. The arrow hits Dowan!
Dowan is moderately wounded.
You shoot an arrow. The arrow barely misses Dowan.
You shoot an arrow. The arrow closely misses Dowan.
You shoot an arrow. The arrow barely misses Dowan.
You shoot an arrow. The arrow hits Dowan.
Dowan is moderately wounded.
Dowan barely misses you.
You shoot an arrow. The arrow closely misses Dowan.
Dowan hits you with a +2 dagger of draining!
You feel drained.
You shoot an arrow. The arrow closely misses Dowan.
Dowan hits you with a +2 dagger of draining!
You feel drained.
You are too injured to fight recklessly!
It was a potion of attraction.
You feel attractive to monsters. Dowan closely misses you.
You furiously retaliate!
You headbutt Dowan.
Fire: 10 arrows
Press: ? - help, Q - select action, (/) - cycle Shift-Dir - straight line, f/p - Dowan
Aim: Dowan, wielding a +2 dagger of draining and wearing a +0 robe (heavily wounded, 50% to hit)
You shoot an arrow. The arrow barely misses Dowan.
Dowan hits you with a +2 dagger of draining.
You feel drained.
Fire: 9 arrows
Press: ? - help, Q - select action, (/) - cycle Shift-Dir - straight line, f/p - Dowan
Aim: Dowan, wielding a +2 dagger of draining and wearing a +0 robe (heavily wounded, 50% to hit)
You shoot an arrow. The arrow misses Dowan.
Dowan hits you with a +2 dagger of draining.
You feel drained.
Fire: 8 arrows
Press: ? - help, Q - select action, (/) - cycle Shift-Dir - straight line, f/p - Dowan
Aim: Dowan, wielding a +2 dagger of draining and wearing a +0 robe (heavily wounded, 50% to hit)
You shoot an arrow. The arrow hits Dowan.
Dowan is heavily wounded.
Dowan points at you and mumbles some strange words.
The puff of frost hits you!
You die...

#..........#
#..........#
####+###..........#
#.....##..........#
#.....#...........#
#.............#####
####.............#
...#................#
...((.(.(...e@......#
....................#
[...................#
......[.............###
....##########+##.....#
#### ###..#.....######
...............<.
.........#.......
.........#.......


You could see Dowan.

Vanquished Creatures
  A hound (D:4)
  A worm (D:4)
  A dart slug (D:1)
  2 endoplasms
  A hobgoblin (D:4)
  A kobold (D:1)
  A quokka (D:1)
  2 bats (D:1)
  A rat (D:1)
11 creatures vanquished.

Notes
Turn   | Place    | Note
-------+----------+-------------------------------------------
     0 | D:1      | freelancePsychic the Minotaur Hunter began the quest for
                  | the Orb.
     0 | D:1      | Reached XP level 1. HP: 18/18 MP: 0/0
   388 | D:1      | Reached XP level 2. HP: 25/25 MP: 1/1
   856 | D:2      | Noticed Terence
   921 | D:2      | You fall into a shaft and drop 2 floors!
   959 | D:4      | Reached skill level 5 in Bows
   959 | D:4      | Reached XP level 3. HP: 20/31 MP: 2/2
  1182 | D:4      | Noticed Dowan
  1201 | D:4      | Killed from afar by Dowan

Illustrated notes

Levels and vault maps discovered:
D:1:      dpeg_arrival_round_b, layout_basic
D:2:      layout_basic, uniq_robin, uniq_terence
D:4:      layout_basic, uniq_sigmund, uniq_duvessa, uniq_eustachio

Skill      XL: |  1  2 |
---------------+-------+-----
Fighting       | 3 |  3.1
Bows           | 5 |  5.1
Dodging        | |  2.8
Stealth        | |  0.7

Action                   || total
-------------------------++-------
Melee: Short sword       ||    10
       Headbutt          ||     2
 Fire: Shortbow          ||    31
  Use: Scroll            ||     2
       Potion            ||     1
Armor: Leather armour    ||     6
Dodge: Dodged            ||    12

Table legend: (Time is in decaauts)
 A = Elapsed time spent in this place.
 B = Non-inter-level travel time spent in this place.
 C = Inter-level travel time spent in this place.
 D = Time resting spent in this place.
 E = Time spent auto-exploring this place.
 F = Levels seen in this place.
 G = Mean time per level.
                   A        B        C        D        E       F      G
               +--------+--------+--------+--------+--------+-----+--------+
         Total |   1203 |   1151 |     52 |      0 |   1052 |   3 |  401.0 |
       Dungeon |   1203 |   1151 |     52 |      0 |   1052 |   3 |  401.0 |
               +--------+--------+--------+--------+--------+-----+--------+

Top non-repeatable levels by time:
     D:1: 890 daAuts
     D:4: 280 daAuts
     D:2: 32 daAuts
